 Dungeon Crawl Stone Soup version 0.30-a0-585-g93115170b9 (webtiles) character file.

Game seed: 1064145321710323616

10042 wormed the Carver (level 11, -8/93 HPs)
             Began as a Merfolk Berserker on Jan 2, 2023.
             Was an Elder of Trog.
             Killed from afar by a manticore (12 damage)
             ... with a volley of spikes
             ... on level 9 of the Dungeon.
             The game lasted 00:19:43 (9870 turns).

wormed the Carver (Merfolk Berserker)               Turns: 9870, Time: 00:19:44

Health: -8/93      AC: 10    Str: 18    XL:     11   Next: 55%
Magic:  11/11      EV: 15    Int: 12    God:    Trog [****..]
Gold:   990        SH: 11    Dex: 18    Spells: 10/10 levels left

rFire   . . .      SeeInvis .    w - +1 long sword (holy)
rCold   . . .      Faith    +    x - +0 kite shield
rNeg    . . .      Spirit   .    f - +1 robe {Will+}
rPois   .          Reflect  .    D - +2 hat
rElec   .          Harm     .    G - +1 cloak
rCorr   .          Rampage  .    h - +1 pair of gloves
Will    +....                    d - +0 pair of boots
Stlth   ++                       n - amulet of faith
HPRegen 0.35/turn                v - +6 ring of intelligence
MPRegen 0.12/turn                (no ring)

@: spiked, on berserk cooldown, slowed, studying Short Blades, very slow
A: (nimble swimmer 2), mertail
a: Renounce Religion, Berserk, Trog's Hand, Brothers in Arms


You were on level 9 of the Dungeon.
You worshipped Trog.
Trog was greatly pleased with you.
You visited 1 branch of the dungeon, and saw 10 of its levels.

You collected 990 gold pieces.

Inventory:

Hand Weapons
 w - a +1 long sword of holy wrath (weapon)
Armour
 d - a +0 pair of boots (worn)
 f - a +1 robe of willpower (worn)
 h - a +1 pair of gloves (worn)
 x - a +0 kite shield (worn)
 D - a +2 hat (worn)
 G - a +1 cloak (worn)
Jewellery
 n - an amulet of faith (around neck)
 v - a +6 ring of intelligence (left hand)
Wands
 s - a wand of paralysis (8) (quivered)
 A - a wand of mindburst (20)
 C - a wand of flame (11)
 E - a wand of roots (6)
Scrolls
 j - a scroll of fog
 l - 4 scrolls of poison
 m - a scroll of enchant armour
 r - 2 scrolls of teleportation
 t - 3 scrolls of magic mapping
 y - 2 scrolls of enchant weapon
 H - 2 scrolls of identify
Potions
 a - 3 potions of lignification
 b - 4 potions of attraction
 e - 3 potions of degeneration
 g - a potion of magic
 i - a potion of berserk rage {unknown}
 k - 2 potions of might {unknown}
 o - 2 potions of invisibility {unknown}
 p - 4 potions of flight {unknown}
 q - 2 potions of cancellation {unknown}
 u - 2 potions of curing {unknown}
 B - 2 potions of mutation {unknown}
 F - 2 potions of haste {unknown}


   Skills:
 + Level 11.1 Fighting
 - Level 14.0 Long Blades
 - Level 1.3 Armour
 - Level 8.0 Dodging
 - Level 8.0 Shields


You had 10 spell levels left.
You didn't know any spells.
Your spell library was empty.

Dungeon Overview and Level Annotations

Branches:
Dungeon (10/15)            Temple (0/1) D:4             Orc (0/2) D:9
   Lair: D:8-11

Altars:
Fedhas
Trog
Yredelemnul
The Shining One

Shops:
D:5 =


Innate Abilities, Weirdness & Mutations

((You are very nimble when in or above water. (Stealth+, EV+, Speed+++)))
Your lower body shifts to a powerful aquatic tail in water.


Message History

The freezing wraith is moderately damaged.
The freezing wraith hits you.
* * * LOW HITPOINT WARNING * * *
The freezing wraith freezes you!
* * * LOW HITPOINT WARNING * * *
You block the freezing wraith's attack.
You hit the freezing wraith but do no damage.
The freezing wraith is moderately damaged.
You completely miss the freezing wraith.
The freezing wraith is moderately damaged.
You block the freezing wraith's attack. The freezing wraith hits you!
* * * LOW HITPOINT WARNING * * *
The freezing wraith drains your vigour!
You feel yourself slow down.
You closely miss the freezing wraith.
The freezing wraith is moderately damaged.
The freezing wraith closely misses you. You block the freezing wraith's attack.
You slash the freezing wraith!
The freezing wraith convulses!
The freezing wraith is almost destroyed.
You hit the freezing wraith.
You feel the power of Trog in you as your rage grows.
You destroy the freezing wraith!
Trog accepts your kill.
Your Fighting skill increases to level 11!
You feel a strong urge to attack something.
You are no longer berserk.
You are exhausted.
You feel as though you will be slow longer.
A manticore is nearby!
A manticore is nearby!
A manticore is nearby!
A manticore is nearby!
There is a stone staircase leading down here.
The manticore flicks its tail.
The volley of spikes hits you.
The barbed spikes become lodged in your body.
* * * LOW HITPOINT WARNING * * *
The manticore flicks its tail.
The volley of spikes hits you!
The barbed spikes become lodged in your body.
You die...

.......###....#.#.......#
.........###.##.#........
..###.##...###..#........
..###.####...###H........
...........#......###....
##.....###.......####.# .
##....................#
#######.########..##### #
#.# #@.# # #.# #..# #
#.########..# #
#...........# #
###########.# . #.# # #.#
#.# .(#


You could see a manticore.

Vanquished Creatures
  Pikel (D:5)
  An ugly thing (D:9)
  Maurice (D:8)
  A freezing wraith (D:9)
  A troll (D:9)
  Prince Ribbit (D:6)
  Sigmund (D:6)
  Eustachio (D:5)
  3 wyverns
  A shadow (D:9)
  A wraith (D:7)
  11 yaks
  Grum (D:8)
  A water moccasin (D:8)
  2 acid dragons (D:9)
  3 orc warriors
  3 ice beasts
  2 sky beasts
  2 wolves (D:8)
  A lemure (D:4)
  3 centaurs
  2 kobold brigands
  A necrophage (D:7)
  4 bullfrogs
  Blork the orc (D:5)
  3 scorpions
  9 killer bees
  2 howler monkeys (D:6)
  An orc priest (D:8)
  4 hounds
  3 jellies
  4 iguanas
  5 orc wizards
  6 adders
  A shadow imp (D:7)
  3 white imps
  An ufetubus (D:5)
  5 worms
  A dart slug (D:3)
  19 orcs
  4 bats
  8 endoplasms
  5 giant cockroaches
  8 goblins
  7 hobgoblins
  14 jackals
  7 quokkas
  4 ball pythons
  3 frilled lizards
  18 kobolds
  5 rats
200 creatures vanquished.

Vanquished Creatures (collateral kills)
  A centaur warrior (D:9)
  A two-headed ogre (D:9)
  Amaemon (D:8)
  An orange demon (D:8)
  A troll (D:9)
5 creatures vanquished.

Vanquished Creatures (others)
  15 plants
15 creatures vanquished.

Grand Total: 220 creatures vanquished

Notes
Turn   | Place    | Note
-------+----------+-------------------------------------------
     0 | D:1      | wormed the Merfolk Berserker began the quest for the Orb.
     0 | D:1      | Reached XP level 1. HP: 18/18 MP: 1/1
   130 | D:1      | Reached skill level 4 in Long Blades
   130 | D:1      | Reached XP level 2. HP: 24/24 MP: 2/2
   382 | D:1      | Reached XP level 3. HP: 29/29 MP: 3/3
   400 | D:1      | Reached ** piety under Trog
  1044 | D:2      | Reached XP level 4. HP: 25/37 MP: 4/4
  1223 | D:2      | Found a faded altar of an unknown god.
  1368 | D:2      | Reached skill level 5 in Long Blades
  1967 | D:3      | Reached XP level 5. HP: 42/42 MP: 5/5
  2323 | D:4      | Found a staircase to the Ecumenical Temple.
  2411 | D:4      | Reached *** piety under Trog
  2543 | D:4      | Reached skill level 6 in Long Blades
  2548 | D:4      | Reached XP level 6. HP: 44/49 MP: 6/6
  3161 | D:5      | Entered Level 5 of the Dungeon
  3233 | D:5      | Identified the +3 hand axe of Cimun {heavy, rPois Int+2}
  3235 | D:5      | Reached skill level 5 in Dodging
  3419 | D:5      | Noticed Blork the orc
  3437 | D:5      | Killed Blork the orc
  3438 | D:5      | Reached skill level 5 in Fighting
  3438 | D:5      | Reached skill level 7 in Long Blades
  3438 | D:5      | Reached XP level 7. HP: 56/56 MP: 7/7
  3591 | D:5      | Noticed Pikel
  3628 | D:5      | Killed Pikel
  3629 | D:5      | Reached skill level 8 in Long Blades
  3629 | D:5      | Reached XP level 8. HP: 32/64 MP: 8/8
  3800 | D:5      | Noticed Eustachio
  3822 | D:5      | Killed Eustachio
  3822 | D:5      | Reached **** piety under Trog
  3908 | D:5      | Found Usieh's Jewellery Boutique.
  4068 | D:6      | Reached skill level 9 in Long Blades
  4392 | D:6      | Noticed Sigmund
  4408 | D:6      | Reached skill level 1 in Shields
  4414 | D:6      | Killed Sigmund
  4801 | D:6      | Reached XP level 9. HP: 57/71 MP: 9/9
  5063 | D:6      | Reached skill level 10 in Long Blades
  5390 | D:6      | Noticed Prince Ribbit
  5417 | D:6      | Killed Prince Ribbit
  5873 | D:7      | Found a faded altar of an unknown god.
  6090 | D:7      | Found a basalt altar of Yredelemnul.
  6090 | D:7      | Found a bloodstained altar of Trog.
  6136 | D:7      | Reached skill level 11 in Long Blades
  6143 | D:7      | Reached skill level 5 in Shields
  6339 | D:7      | Found a glowing golden altar of the Shining One.
  6721 | D:8      | Noticed Grum
  6736 | D:8      | Reached XP level 10. HP: 74/80 MP: 10/10
  6750 | D:8      | Killed Grum
  7069 | D:8      | Noticed Maurice
  7708 | D:8      | Killed Maurice
  7709 | D:8      | Reached skill level 12 in Long Blades
  7748 | D:8      | Noticed Amaemon
  7748 | D:8      | Noticed an orange demon
  7756 | D:8      | Killed Amaemon
  7757 | D:8      | Killed an orange demon
  7874 | D:9      | Identified the +3 war axe "Yshionga" {vamp, rF+ rCorr
                  | Dex+2}
  8003 | D:9      | Found a staircase to the Orcish Mines.
  8412 | D:9      | Noticed a centaur warrior
  8412 | D:9      | Noticed a two-headed ogre
  8737 | D:9      | Noticed a cyclops
  8737 | D:9      | Noticed a manticore
  8737 | D:9      | Noticed a deep elf pyromancer
  8737 | D:9      | Noticed a green ugly thing
  8927 | D:10     | Entered Level 10 of the Dungeon
  8939 | D:10     | Found a blossoming altar of Fedhas.
  9219 | D:9      | Reached skill level 13 in Long Blades
  9319 | D:10     | Reached XP level 11. HP: 89/89 MP: 11/11
  9664 | D:9      | Killed a two-headed ogre
  9665 | D:9      | Reached skill level 10 in Fighting
  9665 | D:9      | Reached skill level 14 in Long Blades
  9681 | D:9      | Killed a centaur warrior
  9748 | D:9      | Killed a green ugly thing
  9757 | D:9      | Identified a scroll of acquirement
  9757 | D:9      | Acquired a manual of Short Blades
  9861 | D:9      | HP: 2/138 [freezing wraith (7)]
  9870 | D:9      | HP: 4/93 [manticore/volley of spikes (1)]
  9870 | D:9      | Killed from afar by a manticore

Illustrated notes

Levels and vault maps discovered:
D:1:      amcnicky_arrival_blooded_trapdoor, layout_rooms
D:2:      layout_basic, basic_ecumenical_altar, lightli_corner_chamber
D:3:      layout_rooms, serial_bayou, serial_bayou_pond_d,
          serial_bayou_lagoon_b, serial_bayou_shore_a, serial_bayou_pond_c,
          chequers_serial_rivers_room_b, minmay_pentomino_pile
D:4:      layout_basic, minmay_temple_entry_glass
D:5:      layout_basic, serial_shops, shop, uniq_pikel, uniq_eustachio,
          uniq_blork_the_orc
D:6:      layout_loops_corners, minmay_misc_feat_four_crosses,
          kennysheep_generic_room_16, uniq_prince_ribbit1, uniq_sigmund
D:7:      layout_cave_pools, kennysheep_little_box,
          gammafunk_temple_overflow_statue, serial_column_ruins,
          column_ruins_temple_circle, column_ruins_hut, column_ruins_open_tiny,
          column_ruins_corridor_plus, column_ruins_grid_1, column_ruins_grid_1,
          column_ruins_columns_straight
D:8:      minmay_goldmine, layout_cave_pools, uniq_grum, uniq_amaemon,
          uniq_maurice
D:9:      minmay_the_grid_triangle_9x9_recursive_2
          [minmay_the_grid_triangle_9x9_prize_top_heavy,
          minmay_the_grid_triangle_9x9_dagger,
          minmay_the_grid_triangle_9x9_pentomino_pain,
          minmay_the_grid_triangle_9x9_steps], layout_basic,
          amethyst_overflow_temple_binary
D:10:     layout_irregular_city, grunt_dithmenos_shadows,
          fedhas_bush_and_centaur_altar, nicolae_water_bricks,
          serial_bayou_ford_a, sword_in_stone

Skill      XL: |  1  2  3  4  5  6  7  8  9 10 11 |
---------------+----------------------------------+-----
Long Blades    | 4 5 6 7 8 9 11 13 14 | 14.0
Dodging        | 3 4 5 6 7 8 |  8.0
Fighting       | 4 5 6 7 9 11 | 11.1
Shields        | 2 5 8 |  8.0
Armour         | |  1.3

Action                   |  1- 3 |  4- 6 |  7- 9 | 10-12 || total
-------------------------+-------+-------+-------+-------++-------
Melee: Falchion          |   123 |   228 |     9 |       ||   360
       Punch             |     2 |       |       |       ||     2
       Long sword        |       |       |   259 |   274 ||   533
Invok: Berserk           |       |     1 |     3 |     8 ||    12
       Brothers in Arms  |       |       |       |     3 ||     3
Evoke: Wand              |       |       |     3 |     4 ||     7
  Use: Scroll            |     2 |     9 |     7 |     6 ||    24
       Potion            |       |       |       |     3 ||     3
 Stab: Sleeping          |     2 |     4 |       |     1 ||     7
Armor: Animal skin       |     5 |       |       |       ||     5
       Robe              |    34 |    74 |    52 |    74 ||   234
Dodge: Dodged            |    89 |   153 |   131 |   185 ||   558
Block: Kite shield       |       |       |    82 |   164 ||   246

Table legend: (Time is in decaauts)
 A = Elapsed time spent in this place.
 B = Non-inter-level travel time spent in this place.
 C = Inter-level travel time spent in this place.
 D = Time resting spent in this place.
 E = Time spent auto-exploring this place.
 F = Levels seen in this place.
 G = Mean time per level.
                   A        B        C        D        E       F      G
               +--------+--------+--------+--------+--------+-----+--------+
         Total |   9945 |   9643 |    302 |   1725 |   5687 |  10 |  994.5 |
       Dungeon |   9945 |   9643 |    302 |   1725 |   5687 |  10 |  994.5 |
               +--------+--------+--------+--------+--------+-----+--------+

Top non-repeatable levels by time:
     D:6: 1819 daAuts
     D:9: 1487 daAuts
     D:8: 1376 daAuts
     D:4: 889 daAuts
     D:7: 882 daAuts
     D:5: 853 daAuts
     D:2: 847 daAuts
     D:1: 741 daAuts
     D:3: 706 daAuts
    D:10: 341 daAuts
